 Dungeon Crawl Stone Soup version 0.29.1-2-gbd0b4ee654 (webtiles) character file.

Game seed: 16539778705037224098

3856 Avanven the Grappler (level 10, -2/86 HPs)
             Began as a Ghoul Monk on Nov 5, 2022.
             Was an Elder of Okawaru.
             Slain by an orc knight
             ... wielding a +0 trident
              (40 damage)
             ... in a bailey.
             The game lasted 00:15:20 (8840 turns).

Avanven the Grappler (Ghoul Monk)                   Turns: 8840, Time: 00:15:22

Health: -2/86      AC: 11    Str: 20    XL:     10   Next: 18%
Magic:  9/9        EV: 11    Int:  5    God:    Okawaru [****..]
Gold:   396        SH:  0    Dex: 11    Spells: 9/9 levels left

rFire   + . .      SeeInvis .     - Unarmed
rCold   + + .      Faith    .   (no shield)
rNeg    + + +      Spirit   .   r - +3 ring mail {rC+}
rPois   ∞          Reflect  .   (no helmet)
rElec   .          Harm     .   s - +0 cloak
rCorr   .          Rampage  .   (no gloves)
Will    .....                   u - +0 pair of boots
Stlth   +.........              (no amulet)
HPRegen 0.00/turn               q - ring of protection from fire
MPRegen 0.11/turn               (no ring)

@: inhibited regen
A: claws 1, cold resistance 1, negative energy resistance 3, inhibited
regeneration, torment resistance 2, devour on kill
a: Renounce Religion, Heroism, Finesse


You were in a bailey.
You worshipped Okawaru.
Okawaru was greatly pleased with you.
You visited 2 branches of the dungeon, and saw 9 of its levels.
You also visited: Bailey.

You collected 396 gold pieces.

Inventory:

Missiles
 h - 3 throwing nets (quivered)
 t - 2 boomerangs
Armour
 r - a +3 ring mail of cold resistance (worn)
 s - a +0 cloak (worn)
 u - a +0 pair of boots (worn)
Jewellery
 g - a ring of fire
 q - a ring of protection from fire (left claw)
Wands
 e - a wand of flame (57)
 v - a wand of iceblast (12)
Scrolls
 a - a scroll of poison
 d - 4 scrolls of enchant weapon
 j - 3 scrolls of fear
 l - a scroll of teleportation
Potions
 b - a potion of ambrosia
 c - 2 potions of invisibility
 f - 3 potions of brilliance
 i - 2 potions of curing
 k - 2 potions of might
 m - a potion of haste {unknown}
 n - a potion of cancellation {unknown}
 o - 2 potions of berserk rage {unknown}
 p - a potion of heal wounds


   Skills:
 - Level 7.3 Fighting
 + Level 4.9 Armour
 - Level 2.6 Dodging
 - Level 2.1 Stealth
 * Level 13.2 Unarmed Combat


You had 9 spell levels left.
You didn't know any spells.
Your spell library contained the following spells:

 Spells                   Type           Power      Damage    Failure   Level
 Magic Dart               Conj           0%         1d3       65%         1
 Slow                     Hex            0%         N/A       65%         1
 Searing Ray              Conj           0%         2d4       78%         2
 Confusing Touch          Hex            0%         N/A       95%         3
 Vampiric Draining        Necr           0%         2d6       95%         3
 Fulminant Prism          Conj/Hex       0%         3d6       100%        4
 Hailstorm                Conj/Ice       0%         3d3       100%        4
 Ice Form                 Ice/Tmut       Unusable   N/A       N/A         4
 Simulacrum               Ice/Necr       Unusable   N/A       N/A         6

Dungeon Overview and Level Annotations

Branches:
Dungeon (8/15)             Temple (1/1) D:4          Bailey (1/1)
   Lair: D:8-11

Altars:
Cheibriados
Dithmenos
Fedhas
Gozag
Hepliaklqana
Kikubaaqudgha
Makhleb
Nemelex Xobeh
Okawaru
Qazlal
Sif Muna
Uskayaw
Vehumet
Wu Jian
Xom
Yredelemnul

Annotations:
D:4 3 runed translucent doors, rendel's ghost, amateur GrMo


Innate Abilities, Weirdness & Mutations

You are immune to poison.
You have sharp fingernails.
Your flesh is cold resistant. (rC+)
You are immune to negative energy. (rN+++)
You do not regenerate when monsters are visible.
You are immune to unholy pain and torment.
You thrive by killing the living.


Message History

The orc knight shouts!
The orc warrior jeers repeatedly.
The orc warrior hits you but does no damage.
The orc knight roars a battlecry!
The orcs go into a battle-frenzy!
Found a glowing longbow and the Exposition on Execration and Pestilence.
Aiming: Iceblast
Press: ? - help, Shift-Dir - straight line, f - orc warrior
Aim: an orc warrior, wielding a +0 spear and wearing a +0 ring mail (strong)
The mass of ice explodes!
The iceblast engulfs the orc warrior!
The orc warrior is heavily wounded.
The iceblast engulfs the orc knight!
The orc knight is lightly wounded.
The iceblast engulfs the orc knight!
The orc knight is lightly wounded.
You hear a shout! x4
The orc warrior hits you but does no damage.
The orc knight hits you from afar with a +0 trident!
Aiming: Iceblast
Press: ? - help, Shift-Dir - straight line, f/p - orc warrior
Aim: an orc warrior, wielding a +0 spear and wearing a +0 ring mail (heavily wounded, strong)
The mass of ice explodes!
The iceblast engulfs the orc warrior!
You kill the orc warrior!
Okawaru accepts your kill.
The iceblast engulfs the orc warrior!
The orc warrior is moderately wounded.
The iceblast engulfs the orc knight!
The orc knight is moderately wounded.
The iceblast engulfs the orc knight!
The orc knight is moderately wounded.
The orc knight roars a battlecry!
The orc knight goes into a battle-frenzy!
The orc knight hits you from afar with a +0 halberd!!
Aiming: Throw Flame
Press: ? - help, Shift-Dir - straight line, f - orc knight
Aim: an orc knight, wielding a +0 halberd and wearing a +0 plate armour (moderately wounded, strong, 68% to hit)
The puff of flame hits the orc knight.
The orc knight is moderately wounded.
The orc knight hits you from afar with a +0 trident!!!
You die... ##.......##........... ##..#+#+#..##.......... #..## ##..#.......... #.#########.##......... #.+ #:.)# +.##......... #.# #.8.# #.##......... #.+ ooo

+.##....))...
#.####'####.##.........
#..##∩@∩##..##.........
##..#'''##........)....
##.....##.......))....
##....##....≈≈≈)≈≈...
#######....≈##)#≈≈..
.........≈#∩.##≈..
..............#≈..
..........≈##.##≈..
..........≈≈###≈≈..


You could see 2 orc knights and an orc warrior (strong).

Vanquished Creatures
  Grinder (D:6)
  Prince Ribbit (D:6)
  2 wyverns (D:8)
  3 steam dragons
  An acid dragon (D:8)
  Duvessa (D:4)
  2 water moccasins
  An ice beast (D:6)
  A black bear (D:6)
  6 orc warriors
  An ogre (D:4)
  A centaur (D:7)
  A phantom (D:7)
  A kobold brigand (D:7)
  Blork the orc (D:6)
  3 bullfrogs (D:7)
  2 necrophages
  3 scorpions
  Dowan (D:4)
  A jelly (D:6)
  3 orc priests
  Crazy Yiuf (D:7)
  2 iguanas
  Natasha (thrice) (D:2)
  7 orc wizards
  Robin (D:2)
  6 gnolls
  8 adders
  An ufetubus (D:6)
  A dart slug (D:1)
  31 orcs
  6 ball pythons
  9 endoplasms
  2 giant cockroaches
  12 goblins
  8 hobgoblins
  4 jackals
  4 quokkas
  6 bats
  2 frilled lizards
  11 kobolds
  3 rats
165 creatures vanquished.

Vanquished Creatures (others)
  A goblin (D:2)
1 creature vanquished.

Grand Total: 166 creatures vanquished

Notes
Turn   | Place    | Note
-------+----------+-------------------------------------------
     0 | D:1      | Avanven the Ghoul Monk began the quest for the Orb.
     0 | D:1      | Reached XP level 1. HP: 19/19 MP: 0/0
    47 | D:1      | Reached XP level 2. HP: 12/26 MP: 1/1
    60 | D:1      | Reached skill level 4 in Unarmed Combat
   476 | D:1      | Found a faded altar of an unknown god.
   872 | D:2      | Reached XP level 3. HP: 31/31 MP: 2/2
   888 | D:2      | Noticed Robin
   938 | D:2      | Killed Robin
  1307 | D:2      | Reached skill level 5 in Unarmed Combat
  1307 | D:2      | Reached XP level 4. HP: 39/40 MP: 3/3
  1376 | D:2      | Noticed Natasha
  1387 | D:2      | Killed Natasha
  1734 | D:2      | Noticed Natasha
  1757 | D:2      | Killed Natasha
  1758 | D:2      | Reached XP level 5. HP: 33/46 MP: 4/4
  1898 | D:2      | Noticed Natasha
  1907 | D:2      | Killed Natasha
  2256 | D:3      | Reached skill level 6 in Unarmed Combat
  2556 | D:3      | Reached XP level 6. HP: 35/55 MP: 5/5
  2848 | D:4      | Found a staircase to the Ecumenical Temple.
  2871 | D:4      | Identified the +9 flail of Cicasybb {antimagic, *Noise
                  | +Blink rElec rN+++}
  2880 | Temple   | Entered the Ecumenical Temple
  3020 | Temple   | Became a worshipper of Warmaster Okawaru
  3020 | Temple   | Reached * piety under Okawaru
  3020 | Temple   | Reached ** piety under Okawaru
  3327 | D:4      | Noticed rendel's ghost (amateur GrMo)
  3358 | D:4      | Reached skill level 5 in Fighting
  3358 | D:4      | Reached skill level 7 in Unarmed Combat
  3384 | D:4      | Found a runed translucent gate.
  3384 | D:4      | Found a runed translucent gate.
  3384 | D:4      | Found a runed translucent gate.
  3464 | D:4      | Noticed Duvessa
  3464 | D:4      | Noticed Dowan
  3473 | D:4      | Killed Duvessa
  3474 | D:4      | Reached XP level 7. HP: 37/61 MP: 3/6
  3476 | D:4      | Killed Dowan
  3998 | D:5      | Entered Level 5 of the Dungeon
  4071 | D:5      | Noticed a steam dragon
  4090 | D:5      | Killed a steam dragon
  4091 | D:5      | Reached skill level 8 in Unarmed Combat
  4636 | D:5      | Reached XP level 8. HP: 58/70 MP: 7/7
  4746 | D:5      | Reached skill level 9 in Unarmed Combat
  5529 | D:6      | Noticed Grinder
  5538 | D:6      | Killed Grinder
  5540 | D:6      | Noticed Blork the orc
  5681 | D:6      | Killed Blork the orc
  5712 | D:6      | Noticed Prince Ribbit
  5741 | D:6      | Killed Prince Ribbit
  5741 | D:6      | Reached *** piety under Okawaru
  5742 | D:6      | Reached skill level 10 in Unarmed Combat
  5877 | D:6      | Reached skill level 1 in Armour
  5886 | D:6      | Reached XP level 9. HP: 30/79 MP: 6/8
  6269 | D:6      | Reached skill level 11 in Unarmed Combat
  7006 | D:7      | Found a burning altar of Makhleb.
  7054 | D:7      | Found a runed translucent door.
  7055 | D:7      | Noticed Crazy Yiuf
  7239 | D:7      | Reached skill level 12 in Unarmed Combat
  7732 | D:7      | Reached **** piety under Okawaru
  7831 | D:7      | Killed Crazy Yiuf
  7920 | D:8      | Received a gift from Okawaru
  8105 | D:8      | Reached XP level 10. HP: 80/86 MP: 9/9
  8308 | D:8      | Reached skill level 13 in Unarmed Combat
  8335 | D:8      | Found a flagged portal.
  8511 | Bailey   | Entered a bailey
  8837 | Bailey   | Noticed an orc knight
  8837 | Bailey   | Noticed an orc knight
  8840 | Bailey   | Slain by an orc knight

Illustrated notes

Levels and vault maps discovered:
D:1:      co_arrival_square_in_a_square_in_a_square, layout_loops_ring,
          hellmonk_ecumenical_altar_heavens_door
D:2:      layout_basic, serial_glass, glass_columns_b, glass_columns_b,
          glass_columns_c, glass_columns_b, minmay_pentomino_t4, uniq_robin,
          uniq_natasha
D:3:      layout_rooms
D:4:      layout_basic, minmay_temple_entry_glass, gammafunk_ghost_icy,
          uniq_duvessa
D:5:      layout_basic, nicolae_overflow_hidden_temple,
          chequers_serial_rivers_marsh
D:6:      layout_basic, uniq_grinder, uniq_prince_ribbit1, uniq_blork_the_orc
D:7:      nicolae_BIG_FREAKIN_CUBE, layout_basic, lemuel_crystal_altar,
          kennysheep_cross_bottleneck, uniq_crazy_yiuf_cottage
D:8:      cheibrodos_steamvent, layout_basic, enter_bailey_3
Temple:   dpeg_five_rooms_temple
Bailey:   bailey_polearm_2, bailey

Skill      XL: |  1  2  3  4  5  6  7  8  9 10 |
---------------+-------------------------------+-----
Unarmed Combat | 4 5 6 7 8 10 12 13 | 13.2
Fighting       | 4 5 6 7 |  7.3
Armour         | 1 4 |  4.9
Dodging        | |  2.6
Stealth        | |  2.1

Action                   |  1- 3 |  4- 6 |  7- 9 | 10-12 || total
-------------------------+-------+-------+-------+-------++-------
Melee: Unarmed           |    89 |   136 |   274 |    33 ||   532
       Punch             |     2 |     3 |    14 |     3 ||    22
Invok: Heroism           |       |     1 |     8 |       ||     9
Evoke: Wand              |       |       |       |     8 ||     8
  Use: Scroll            |       |       |    13 |       ||    13
 Stab: Sleeping          |     3 |     1 |       |       ||     4
Armor: Robe              |    11 |    13 |       |       ||    24
       Ring mail         |       |    13 |   110 |    13 ||   136
Dodge: Dodged            |    54 |    56 |   129 |    29 ||   268
